 Dungeon Crawl Stone Soup version 0.28-a0-828-g0121872642 (webtiles) character file.

Game seed: 16394008747145449339

0 flotson the Covert (level 1, -3/23 HPs)
             Began as a Gnoll Delver on Nov 10, 2021.
             Killed from afar by Ijyb (6 damage)
             ... with a puff of flame
             ... on level 3 of the Dungeon.
             The game lasted 00:01:33 (470 turns).

flotson the Covert (Gnoll Delver)                    Turns: 470, Time: 00:01:33

Health: -3/23      AC:  4    Str:  9 (11) XL:     1   Next: 10%
Magic:  1/1        EV:  9    Int:  7 (9)  God:
Gold:   0          SH:  6    Dex: 11 (13) Spells: 0/0 levels left

rFire   . . .      SeeInvis .   a - +0 hand axe
rCold   . . .      Faith    .   k - +0 kite shield
rNeg    . . .      Spirit   .   b - +0 leather armour
rPois   .          Reflect  .   (no helmet)
rElec   .          Harm     .   (no cloak)
rCorr   .          Rampage  .   (no gloves)
Will    .....                   h - +0 pair of boots
Stlth   ++++......              (no amulet)
HPRegen 0.07/turn               (no ring)
MPRegen 0.07/turn               (no ring)

@: hasted, very quick
A: fangs 1, strong nose, distributed training
a: no special abilities


You were on level 3 of the Dungeon.
You visited 1 branch of the dungeon, and saw 3 of its levels.

Inventory:

Hand Weapons
 a - a +0 hand axe (weapon)
Armour
 b - a +0 leather armour (worn)
 h - a +0 pair of boots (worn)
 k - a +0 kite shield (worn)
Wands
 g - a wand of digging (3)
Scrolls
 c - a scroll of fog
 d - a scroll of magic mapping
 i - a scroll of teleportation {unknown}
 j - a scroll of identify {unknown}


   Skills:
 + Level 6.4 Fighting
 + Level 0.0 Short Blades
 + Level 0.0 Long Blades
 + Level 4.4 Axes
 + Level 0.0 Maces & Flails
 + Level 0.0 Polearms
 + Level 0.0 Staves
 + Level 0.0 Slings
 + Level 0.0 Bows
 + Level 0.0 Crossbows
 + Level 0.0 Throwing
 + Level 0.0 Armour
 + Level 4.4 Dodging
 + Level 9.5 Stealth
 + Level 0.0 Shields
 + Level 0.0 Unarmed Combat
 + Level 0.0 Spellcasting
 + Level 0.0 Conjurations
 + Level 0.0 Hexes
 + Level 0.0 Summonings
 + Level 0.0 Necromancy
 + Level 0.0 Translocations
 + Level 0.0 Transmutations
 + Level 0.0 Fire Magic
 + Level 0.0 Ice Magic
 + Level 0.0 Air Magic
 + Level 0.0 Earth Magic
 + Level 0.0 Poison Magic
 + Level 0.0 Invocations
 + Level 0.0 Evocations


You couldn't memorise any spells.
You didn't know any spells.
Your spell library was empty.

Dungeon Overview and Level Annotations

Branches:
Dungeon (5/15)
 Temple: D:4-7

Altars:
Dithmenos

Annotations:
D:3 Ijyb


Innate Abilities, Weirdness & Mutations

You have very sharp teeth.
Your uncanny sense of smell can sniff out nearby items.
Your experience applies equally to all skills.


Message History

e - a puce potion No target in view!
A frilled lizard comes into view.
Found a kite shield.
The frilled lizard hisses angrily.
Found a kite shield.
You see here a +0 kite shield.
k - a +0 kite shield You start putting on your armour.
You continue putting on your +0 kite shield. x4
You finish putting on your +0 kite shield.
Unknown command.
You hit the frilled lizard.
You kill the frilled lizard!
Unknown command.
No target in view!
No target in view!
Unknown command.
Ijyb the Twisted Goblin comes into view.
She is wielding a +7 club and carrying a wand of flame (17).
Unknown command.
You feel yourself speed up. Ijyb hits you with a +7 club!
You hit Ijyb but do no damage.
Ijyb zaps a wand.
The puff of flame misses you.
You hit Ijyb.
Ijyb is lightly wounded.
Ijyb barely misses you.
You closely miss Ijyb.
Ijyb is lightly wounded.
Ijyb barely misses you.
You hit Ijyb.
Ijyb is lightly wounded.
Ijyb zaps a wand.
The puff of flame hits you!
* * * LOW HITPOINT WARNING * * *
It was a potion of degeneration.
There was something very wrong with that liquid.
You feel weakened.
You feel dopey.
You feel clumsy.
Okay, then.
You hit Ijyb but do no damage.
Ijyb is lightly wounded.
Ijyb zaps a wand.
The puff of flame hits you.
You die...

.. .# ##.## ###
#... .. #..# #.
#..#
#g##..###.##
#.@......... ∆
####..###..#
#..# ..# #..#
..# #..####.##
#........# #
#.#####..###...
#.†...........#
#######..###[#


You could see Ijyb.

Vanquished Creatures
  A frilled lizard (D:3)
1 creature vanquished.

Notes
Turn   | Place    | Note
-------+----------+-------------------------------------------
     0 | D:5      | Reached skill level 9 in Stealth
     0 | D:5      | flotson the Gnoll Delver began the quest for the Orb.
     0 | D:5      | Reached XP level 1. HP: 23/23 MP: 1/1
    19 | D:5      | Noticed an iguana
   416 | D:3      | Found a shadowy altar of Dithmenos.
   463 | D:3      | Noticed Ijyb
   470 | D:3      | Killed from afar by Ijyb

Illustrated notes

Levels and vault maps discovered:
D:3:      layout_loops_ring, lemuel_tele_altar,
          lemuel_zombie_altar_kikubaaqudgha, minmay_misc_feat_alley, uniq_ijyb
D:4:      layout_loops_cross, hangedman_abyss_or_decor_stagger
D:5:      layout_loops_ring, tso_altar, grunt_gozag_statues,
          mainiacjoe_overflow_24_doors, uniq_blork_the_orc

Skill      XL: | |
---------------+-+-----
Stealth        | |  9.5
Fighting       | |  6.4
Axes           | |  4.4
Dodging        | |  4.4

Action                   || total
-------------------------++-------
Melee: Hand axe          ||     7
  Use: Potion            ||     2
       Scroll            ||     1
Dodge: Dodged            ||     3

Table legend: (Time is in decaauts)
 A = Elapsed time spent in this place.
 B = Non-inter-level travel time spent in this place.
 C = Inter-level travel time spent in this place.
 D = Time resting spent in this place.
 E = Time spent auto-exploring this place.
 F = Levels seen in this place.
 G = Mean time per level.
                   A        B        C        D        E       F      G
               +--------+--------+--------+--------+--------+-----+--------+
         Total |    469 |    446 |     23 |    261 |     90 |   3 |  156.3 |
       Dungeon |    469 |    446 |     23 |    261 |     90 |   3 |  156.3 |
               +--------+--------+--------+--------+--------+-----+--------+

Top non-repeatable levels by time:
     D:4: 374 daAuts
     D:3: 53 daAuts
     D:5: 41 daAuts
